 Dungeon Crawl Stone Soup version 0.24.0-123-gd5b16e6ec5 (webtiles) character file.

Game seed: 16936672416819018921, levelgen mode: deterministic

32733 Peloso the Carver (level 13, -2/116 HPs)
             Began as a Minotaur Fighter on Dec 30, 2019.
             Was the Champion of Okawaru.
             Slain by a hog (13 damage)
             ... led by Kirke
             ... on level 5 of the Lair of Beasts.
             The game lasted 00:45:49 (18678 turns).

Peloso the Carver (Minotaur Fighter)               Turns: 18678, Time: 00:45:51

Health: -2/116     AC:  0    Str: 23    XL:     13   Next: 33%
Magic:  13/13      EV: 17    Int:  5    God:    Okawaru [******]
Gold:   751        SH:  0    Dex: 16    Spells: 12/12 levels left

rFire    . . .     SeeInvis .   (weapon currently unavailable)
rCold    . . .     Gourm    .   (shield currently unavailable)
rNeg     . . .     Faith    +   (armour currently unavailable)
rPois    .         Spirit   .   (helmet currently unavailable)
rElec    .         Reflect  .   (cloak currently unavailable)
rCorr    .         Harm     .   (gloves currently unavailable)
MR       .....                  (boots currently unavailable)
Stlth    ++........             M - amulet of Wammeog {Faith Dex+3}
HPRegen  0.29/turn              (ring currently unavailable)
MPRegen  0.13/turn              (ring currently unavailable)

@: pig-form, very quick
A: small, (retaliatory headbutt)
a: Heroism, Finesse, Renounce Religion


You were on level 5 of the Lair of Beasts.
You worshipped Okawaru.
Okawaru was exalted by your worship.
You were hungry.
You were a filthy swine.
You visited 3 branches of the dungeon, and saw 18 of its levels.
You also visited: Sewer and Ossuary.

You collected 1390 gold pieces.
You spent 639 gold pieces at shops.

Inventory:

Hand Weapons
 a - the +9 falchion of Devotion (melded) {elec, rN++ Int+4}
   (Okawaru gifted it to you on level 3 of the Lair of Beasts)

   Occasionally, upon striking a foe, it will discharge some electrical energy
   and cause terrible harm.
   It affects your intelligence (+4).
   It greatly protects you from negative energy.
 b - a +4 scimitar of flaming
 m - a +2 vampiric scimitar
Armour
 c - a +0 shield (melded)
 e - a scarf of cloud immunity (melded)
 s - a +0 pair of boots (melded)
 O - +0 acid dragon scales
 P - a +3 plate armour of fire resistance (melded)
Jewellery
 l - an uncursed ring of flight
 o - an uncursed ring of ice
 x - an uncursed amulet of rage
 D - an uncursed amulet of magic regeneration {unknown}
 L - a +4 ring of slaying (melded)
 M - the amulet of Wammeog (around neck) {Faith Dex+3}
   (You bought it in a shop on level 11 of the Dungeon)

   [amulet of faith]

   It allows you to gain divine favour quickly.
   It affects your dexterity (+3).
Wands
 v - a wand of paralysis (8)
 y - a wand of polymorph (5)
 G - a wand of flame (18)
Scrolls
 g - 13 scrolls of remove curse
 k - a scroll of amnesia
 p - a scroll of enchant armour
 q - 10 scrolls of teleportation
 t - 3 scrolls of blinking
 u - 4 scrolls of identify
 w - a scroll of magic mapping
 z - 3 scrolls of enchant weapon
 A - a scroll of summoning
 E - a scroll of brand weapon {unknown}
 F - 4 scrolls of fog {unknown}
 H - a scroll of acquirement {unknown}
 K - a scroll of fear
Potions
 d - 3 potions of flight
 h - 2 potions of agility
 i - 4 potions of haste
 j - 2 potions of heal wounds
 n - 2 potions of resistance
 r - 2 potions of curing
 B - 2 potions of magic {unknown}
 J - a potion of might
Comestibles
 f - 27 rations


   Skills:
 + Level 11.3 Fighting
 + Level 14.7 Long Blades
 + Level 12.7 Armour
 + Level 3.9 Dodging
 + Level 1.5 Stealth
 + Level 14.4 Shields
 + Level 1.5 Invocations
 + Level 2.2 Evocations


You had 12 spell levels left.
You didn't know any spells.
Your spell library contained the following spells:

 Spells                   Type           Power        Failure   Level  Hunger
 Animate Skeleton         Necr           N/A          47%         1    ##.....
 Apportation              Tloc           #.....       47%         1    ##.....
 Confusing Touch          Hex            #.....       47%         1    ##.....
 Corona                   Hex            #......      47%         1    ##.....
 Shock                    Conj/Air       #...         47%         1    ##.....
 Summon Small Mammal      Summ           #...         47%         1    ##.....
 Slow                     Hex            #.......     63%         2    ###....
 Swiftness                Chrm/Air       #.......     63%         2    ###....
 Inner Flame              Hex/Fire       #.......     85%         3    ####...
 Portal Projectile        Hex/Tloc       #.....       85%         3    ####...
 Static Discharge         Conj/Air       #.......     85%         3    ####...
 Airstrike                Air            #.........   99%         4    #####..
 Cause Fear               Hex            #.........   99%         4    #####..
 Leda's Liquefaction      Hex/Erth       #.........   99%         4    #####..
 Borgnjor's Vile Clutch   Necr/Erth      #.........   100%        5    ######.
 Lightning Bolt           Conj/Air       #.........   100%        5    ######.
 Bolt of Cold             Conj/Ice       #.........   100%        6    #######
 Shatter                  Erth           #.........   100%        9    #######


Dungeon Overview and Level Annotations

Branches:
Dungeon (12/15)            Temple (1/1) D:4            Lair (5/6) D:9
  Swamp (0/4) Lair:4       Spider (0/4) Lair:3          Orc (0/2) D:10
  Sewer (visited)         Ossuary (visited)
  Slime: Lair:5-6

Altars:
Ashenzari
Cheibriados
Dithmenos
Elyvilon
Fedhas
Gozag
Hepliaklqana
Kikubaaqudgha
Makhleb
Nemelex Xobeh
Okawaru
Qazlal
Ru
Sif Muna
Trog
Uskayaw
Vehumet
Wu Jian
Xom
Yredelemnul
Zin
The Shining One

Shops:
D:11 =

Annotations:
D:4 3 runed translucent doors, sneaky's ghost, amateur KoCj
Lair:5 Kirke


Innate Abilities, Weirdness & Mutations

((You reflexively headbutt those who attack you in melee.))
((You have a pair of horns on your head.))


Message History

You hit Kirke.
Kirke is heavily wounded.
The harpy completely misses you. The harpy closely misses you.
The hog barely misses you. x2; The harpy claws you.
The harpy barely misses you. The hog bites you! x2
Unknown command.
The hog bites you! The harpy claws you! x2
The harpy closely misses you. The harpy claws you.
Kirke says, "Odis was a nice man, you're awful."
The harpy closely misses you. The harpy claws you!
* * * LOW HITPOINT WARNING * * *
There is a stone staircase leading up here.
The harpy claws you!
* * * LOW HITPOINT WARNING * * *
The harpy barely misses you. The harpy claws you.
* * * LOW HITPOINT WARNING * * *
The harpy claws you!
* * * LOW HITPOINT WARNING * * *
The hog bites you!
You die...

.....P...
#.....P...
###........#
.#.......#
.....#.#
##...P.####
##P.........
#P..h.......
##hHHh......
#.H@#....PP
#.h?##...#.
##..l###.#
#....? .#
#....... #
#.......#
...P.....#


You could see Kirke, a komodo dragon, 3 harpies and 3 hogs.

Vanquished Creatures
  Gastronok (D:8)
  A catoblepas (Lair:2)
  A hydra (Lair:4)
  Harold (D:8)
  A centaur warrior (D:12)
  Erica (Lair:2)
  A skeletal warrior (D:12)
  A wizard (D:12)
  2 unseen horrors
  An ugly thing (D:11)
  An orc knight (D:12)
  A deep elf mage (D:11)
  3 cyclopes (D:12)
  Joseph (D:8)
  Psyche (D:8)
  2 black mambas
  4 spiny frogs
  2 kobold demonologists (D:12)
  2 komodo dragons
  A freezing wraith (D:12)
  2 polar bears
  A queen bee (D:10)
  3 trolls
  Grinder (D:3)
  5 slime creatures
  Prince Ribbit (D:5)
  A hornet (D:10)
  4 blink frogs (Lair:3)
  8 hippogriffs
  Sigmund (D:3)
  A redback (Lair:3)
  A wyvern (Lair:2)
  3 shadows (D:12)
  2 basilisks
  A hog (Lair:5)
  10 yaks
  2 hungry ghosts
  2 acid dragons (D:12)
  3 water moccasins
  A warg (D:10)
  A swamp drake (Lair:4)
  12 orc warriors
  9 ice beasts
  2 sky beasts
  An eye of draining (D:12)
  7 ogres
  3 phantoms
  6 wolves (Lair:1)
  11 centaurs
  8 crocodiles
  13 bullfrogs
  4 big kobolds
  8 scorpions
  2 water moccasin skeletons
  A wyvern skeleton (D:11)
  22 killer bees
  3 howler monkeys
  5 bullfrog zombies
  6 crimson imps
  2 gnoll shamans
  5 jellies
  15 hounds
  6 orc priests
  6 centaur skeletons
  2 bullfrog skeletons
  Ijyb (D:3)
  3 iguanas
  10 orc wizards
  13 worker ants
  8 big kobold zombies (Ossuary)
  A hound zombie (D:11)
  A hound skeleton (D:10)
  2 mummies
  A worker ant zombie (D:6)
  A howler monkey skeleton (D:11)
  11 adders
  15 gnolls
  2 river rats (Sewer)
  3 shadow imps
  4 oozes
  A worm (D:3)
  2 dart slugs
  9 leopard geckos
  50 orcs
  A spectral bat (Ossuary)
  2 ball pythons (D:1)
  7 bats
  5 bat simulacra (Ossuary)
  5 giant cockroaches
  22 hobgoblins
  5 jackals
  33 kobolds
  4 quokkas
  9 frilled lizards
  A giant cockroach zombie (D:6)
  4 gnoll zombies (Ossuary)
  13 goblins
  5 goblin simulacra (Ossuary)
  5 goblin zombies (Ossuary)
  5 hobgoblin zombies (Ossuary)
  4 kobold simulacra (Ossuary)
  3 kobold zombies (Ossuary)
  A leopard gecko skeleton (D:7)
  A leopard gecko zombie (D:6)
  5 orc zombies (Ossuary)
  A quokka skeleton (D:8)
  9 rats
  3 rat simulacra (Ossuary)
  6 spectral goblins (Ossuary)
  4 spectral kobolds (Ossuary)
  2 spectral rats (Ossuary)
  2 plants (D:6)
547 creatures vanquished.

Notes
Turn   | Place    | Note
-------+----------+-------------------------------------------
     0 | D:1      | Peloso the Minotaur Fighter began the quest for the Orb.
     0 | D:1      | Reached XP level 1. HP: 19/19 MP: 0/0
   149 | D:1      | Reached XP level 2. HP: 27/27 MP: 1/1
   507 | D:1      | Reached XP level 3. HP: 32/33 MP: 2/2
  1172 | D:2      | Reached XP level 4. HP: 33/40 MP: 3/3
  1500 | D:3      | Noticed Sigmund
  1521 | D:3      | Killed Sigmund
  1521 | D:3      | Reached skill level 5 in Armour
  1521 | D:3      | Reached skill level 1 in Dodging
  1521 | D:3      | Reached XP level 5. HP: 31/47 MP: 4/4
  1567 | D:3      | Noticed Grinder
  1570 | D:3      | Paralysed by Grinder for 5 turns
  1577 | D:3      | Killed Grinder
  1577 | D:3      | Reached skill level 5 in Fighting
  1577 | D:3      | Reached skill level 5 in Long Blades
  1577 | D:3      | Reached skill level 5 in Shields
  1577 | D:3      | Reached XP level 6. HP: 30/56 MP: 5/5
  1677 | D:3      | Noticed Ijyb
  1685 | D:3      | Killed Ijyb
  1686 | D:3      | Found a glowing drain.
  1700 | Sewer    | Entered a sewer
  1715 | Sewer    | Reached XP level 7. HP: 10/61 MP: 6/6
  2161 | Sewer    | Found a white marble altar of Elyvilon.
  2593 | D:3      | Found a radiant altar of Vehumet.
  2593 | D:3      | Found a burning altar of Makhleb.
  2798 | D:4      | HP: 3/61 [orc priest/divine providence (14)]
  2853 | D:4      | Found a sand-covered staircase.
  2870 | D:4      | Reached XP level 8. HP: 15/68 MP: 7/7
  2980 | Ossuary  | Entered an ossuary
  3672 | D:4      | Found a staircase to the Ecumenical Temple.
  3712 | D:4      | Found a runed translucent gate.
  3713 | D:4      | Found a runed translucent gate.
  3714 | D:4      | Found a runed translucent gate.
  3741 | Temple   | Entered the Ecumenical Temple
  4031 | D:4      | Noticed sneaky's ghost (amateur KoCj)
  4215 | D:4      | Found a sparkling altar of Nemelex Xobeh.
  4295 | D:5      | Entered Level 5 of the Dungeon
  4295 | D:5      | Noticed Prince Ribbit
  4344 | D:5      | Killed Prince Ribbit
  4851 | D:5      | Found an iron altar of Okawaru.
  4879 | D:5      | Became a worshipper of Warmaster Okawaru
  5299 | D:6      | Reached XP level 9. HP: 74/75 MP: 8/8
  5656 | D:6      | Reached * piety under Okawaru
  6014 | D:6      | HP: 3/78 [orc warrior/cursed -3 glaive (18)]
  6433 | D:6      | Reached skill level 1 in Stealth
  6441 | D:6      | Found a snail-covered altar of Cheibriados.
  6613 | D:6      | Reached skill level 10 in Long Blades
  7280 | D:7      | Reached ** piety under Okawaru
  7996 | D:8      | Found a shattered altar of Ashenzari.
  7996 | D:8      | Found a snail-covered altar of Cheibriados.
  8007 | D:8      | Found a stormy altar of Qazlal.
  8007 | D:8      | Noticed Harold
  8007 | D:8      | Noticed Psyche
  8039 | D:8      | Reached XP level 10. HP: 22/86 MP: 6/9
  8410 | D:8      | Killed Harold
  8410 | D:8      | Reached *** piety under Okawaru
  8434 | D:8      | Killed Psyche
  8820 | D:8      | Reached skill level 1 in Evocations
  8874 | D:8      | Reached skill level 1 in Invocations
  8959 | D:8      | Noticed Gastronok
  8973 | D:8      | Killed Gastronok
  8973 | D:8      | Reached **** piety under Okawaru
  8973 | D:8      | Reached ***** piety under Okawaru
  8973 | D:8      | Reached skill level 10 in Armour
  8973 | D:8      | Reached skill level 10 in Shields
  9153 | D:8      | Noticed Joseph
  9162 | D:8      | Killed Joseph
  9448 | D:8      | Reached XP level 11. HP: 94/94 MP: 11/11
  9912 | D:9      | Found a staircase to the Lair.
 10742 | D:10     | Entered Level 10 of the Dungeon
 11522 | D:10     | Paralysed by a hornet for 2 turns
 11574 | D:10     | HP: 2/95 [orc priest/divine providence (12)]
 11579 | D:10     | Received a gift from Okawaru
 12271 | D:10     | Found a staircase to the Orcish Mines.
 12733 | D:11     | Noticed a white ugly thing
 12744 | D:11     | Killed a white ugly thing
 12872 | D:11     | Killed an unseen horror
 13542 | D:11     | Found Piami's Jewellery Shoppe.
 13547 | D:11     | Bought the amulet of Wammeog {Faith Dex+3} for 639 gold
                  | pieces
 13753 | D:12     | Noticed a deep elf mage
 13815 | D:11     | Killed a deep elf mage
 13987 | D:12     | Received a gift from Okawaru
 14010 | D:12     | Killed an unseen horror
 14010 | D:12     | Reached ****** piety under Okawaru
 14010 | D:12     | Reached XP level 12. HP: 85/105 MP: 1/12
 14077 | D:12     | Got an ichor-stained halberd
 14103 | D:12     | Noticed a centaur warrior
 14154 | D:12     | Killed a centaur warrior
 14347 | D:12     | Identified the cursed +1 halberd "Orb Guardian's Foe"
                  | {elec, rF- rC+ rN++ MR+} (You found it on level 12 of the
                  | Dungeon)
 14383 | D:12     | Reached skill level 10 in Fighting
 14410 | D:12     | Received a gift from Okawaru
 15174 | Lair:1   | Entered Level 1 of the Lair of Beasts
 16097 | Lair:2   | Noticed a catoblepas
 16112 | Lair:2   | Killed a catoblepas
 16209 | Lair:2   | Reached XP level 13. HP: 115/115 MP: 13/13
 16321 | Lair:2   | Noticed Erica
 16330 | Lair:2   | Killed Erica
 16703 | Lair:3   | Received a gift from Okawaru
 16743 | Lair:3   | Got a brightly glowing falchion {god gift}
 16748 | Lair:3   | Identified the +9 falchion of Devotion {elec, rN++ Int+4}
                  | (Okawaru gifted it to you on level 3 of the Lair of Beasts)
 17173 | Lair:3   | Identified Rukor's Almanac of the Mountains and the
                  | Snowflakes
 17187 | Lair:3   | Got a pitted trident
 17189 | Lair:3   | Identified the +11 trident of the Radish {pierce, Int+4}
                  | (You found it on level 3 of the Lair of Beasts)
 17367 | Lair:3   | Found a hole to the Spider Nest.
 17705 | Lair:4   | Found a staircase to the Swamp.
 17931 | Lair:4   | Received a gift from Okawaru
 18339 | Lair:4   | Found a shimmering altar of Xom.
 18664 | Lair:5   | Noticed Kirke
 18678 | Lair:5   | Slain by a hog

Levels and vault maps discovered:
D:1:      minmay_arrival_checkered_box, layout_basic
D:2:      layout_basic, grunt_ministairs_6
D:3:      layout_loops_ring, grunt_temple_overflow_lords_of_destruction,
          cheibrodos_sewer_entry_bend, uniq_grinder, uniq_sigmund, uniq_ijyb
D:4:      layout_rooms, nemelex_altar_shiori, minmay_temple_entry_mist,
          nicolae_ossuary_entry_ruins, ebering_ghost_rock_garden, st_stairs_11,
          minmay_crystal_water, grunt_ministairs_6
D:5:      layout_loops_ring, okawaru_altar_gauntlet_db, first_ration,
          uniq_prince_ribbit1
D:6:      kennysheep_housing_project, layout_basic, chei_slow_surprise
D:7:      corexii_shantytown, layout_basic
D:8:      layout_layer_cave, nicolae_qazlal_general_emergency,
          gammafunk_temple_overflow_elements, uniq_joseph, uniq_harold,
          uniq_psyche, uniq_gastronok
D:9:      layout_basic, dpeg_oklobed_lair
D:10:     layout_long_grid, david_orc_1_choice, david_nohive_1
D:11:     layout_layer_cave, serial_shops, kennysheep_mini_moat
D:12:     minmay_the_grid_octo_tiled_octocenter_mashed
          [minmay_the_grid_octo_chip, minmay_the_grid_octo_concentric,
          minmay_the_grid_octo_fat_diamond, minmay_the_grid_octo_teeth,
          minmay_the_grid_octo_prize_ultimate_mussel_roller,
          minmay_the_grid_square_5x5_fat_x,
          minmay_the_grid_square_5x5_spiral_small,
          minmay_the_grid_square_5x5_two_walls_a,
          minmay_the_grid_square_5x5_tetrominoes], layout_loops_ring
Temple:   regret_index_temple_generic_petals
Lair:1:   layout_cave_pods
Lair:2:   layout_chaotic_city, uniq_erica
Lair:3:   layout_chaotic_city, spider_nest_entry_a
Lair:4:   layout_cave_pods, minmay_swamp_entry_reptiles, lemuel_centaur_altar,
          infiniplex_staircase_pool_2
Lair:5:   layout_regular_city, slime_dummy, basic_altar, beast_lair_carwin_4,
          grunt_megastairs_1, infiniplex_staircase_pool, uniq_kirke

Skill      XL: |  1  2  3  4  5  6  7  8  9 10 11 12 13 |
---------------+----------------------------------------+-----
Armour         | 4 5 6 7 8 10 11 12 | 12.7
Shields        | 4 5 7 8 10 12 13 14 | 14.4
Fighting       | 4 5 6 7 8 9 10 11 | 11.3
Long Blades    | 3 4 5 7 9 10 11 13 14 | 14.7
Dodging        | 1 2 3 |  3.9
Stealth        | 1 |  1.5
Evocations     | 2 |  2.2
Invocations    | 1 |  1.5

Action                   |  1- 3 |  4- 6 |  7- 9 | 10-12 | 13-15 || total
-------------------------+-------+-------+-------+-------+-------++-------
Melee: Long sword        |   122 |    48 |   691 |   396 |       ||  1257
       Headbutt          |    15 |     7 |   170 |   259 |    30 ||   481
       Scimitar          |       |       |       |   572 |    32 ||   604
       Falchion          |       |       |       |       |    76 ||    76
       Unarmed           |       |       |       |       |     1 ||     1
Invok: Heroism           |       |       |     2 |     7 |     1 ||    10
Evoke: Wand              |       |       |     1 |     9 |       ||    10
  Use: Potion            |     3 |     2 |     4 |     1 |       ||    10
       Scroll            |     5 |     1 |    11 |     6 |     2 ||    25
 Stab: Paralysed         |       |       |     6 |       |       ||     6
  Eat: Chunk             |     1 |     2 |    18 |    22 |     4 ||    47
       Ration            |       |       |     1 |     2 |     1 ||     4
Armor: Scale mail        |    62 |    25 |    19 |       |       ||   106
       Chain mail        |       |       |   203 |       |       ||   203
       Plate armour      |       |       |    77 |   497 |    68 ||   642
Dodge: Dodged            |    43 |    25 |   182 |   271 |    53 ||   574
Block: Shield            |    61 |    28 |   368 |   690 |    97 ||  1244
       Rpst.: Long sword |     8 |     3 |    46 |    32 |       ||    89
       Scimitar          |       |       |       |    36 |     3 ||    39
       Falchion          |       |       |       |       |     6 ||     6
